 Dungeon Crawl Stone Soup version 0.29-a0-490-g77b3608bb8 (webtiles) character file.

Game seed: 16177699066963561853

11373 siradein the Fighter (level 11, -4/154 HPs)
             Began as a Minotaur Berserker on May 26, 2022.
             Was an Elder of Trog.
             Slain by an entropy weaver simulacrum (6 damage)
             ... in an ice cave.
             The game lasted 00:31:17 (14380 turns).

siradein the Fighter (Minotaur Berserker)          Turns: 14380, Time: 00:31:18

Health: -4/154     AC: 27    Str: 26    XL:     11   Next: 48%
Magic:  10/10      EV:  9    Int:  4    God:    Trog [****..]
Gold:   681        SH:  0    Dex: 16    Spells: 10/10 levels left

rFire   . . .      SeeInvis +   C - +0 battleaxe
rCold   + . .      Faith    .   (shield currently unavailable)
rNeg    . . .      Spirit   .   A - +1 crystal plate armour {rC+}
rPois   .          Reflect  .   (helmet restricted)
rElec   .          Harm     .   N - +2 cloak
rCorr   .          Rampage  .   n - +0 pair of gloves
Will    .....                   (no boots)
Stlth   ..........              K - amulet of the acrobat
HPRegen 0.35/turn               G - ring of see invisible
MPRegen 0.12/turn               M - +6 ring of dexterity

@: berserking, very quick
A: horns 2, retaliatory headbutt
a: Renounce Religion, Berserk, Trog's Hand, Brothers in Arms


You were in an ice cave.
You worshipped Trog.
Trog was greatly pleased with you.
You visited 3 branches of the dungeon, and saw 14 of its levels.
You also visited: Sewer and Ice Cave.

You collected 817 gold pieces.
You spent 136 gold pieces at shops.

Inventory:

Hand Weapons
 C - a +0 battleaxe (weapon)
 J - the +4 hand axe of Law {holy, *Corrode rPois rF+}
   (You took it off a gnoll on level 9 of the Dungeon)

   It has been blessed by the Shining One to cause great damage to the undead
   and demons.
   rF:        It protects you from fire.
   rPois:     It protects you from poison.
   *Corrode:  It may corrode you when you take damage.
Missiles
 e - 2 javelins (quivered)
 k - 52 poisoned darts
Armour
 n - a +0 pair of gloves (worn)
 A - a +1 crystal plate armour of cold resistance (worn)
 N - a +2 cloak (worn)
Jewellery
 l - a ring of ice
 m - a ring of magical power
 G - a ring of see invisible (left hand)
 K - an amulet of the acrobat (around neck)
 M - a +6 ring of dexterity (right hand)
Wands
 p - a wand of flame (20)
 r - a wand of polymorph (14)
 v - a wand of iceblast (6)
 H - a wand of mindburst (13)
Scrolls
 a - 4 scrolls of magic mapping
 b - 2 scrolls of torment {unknown}
 c - 4 scrolls of immolation
 f - 3 scrolls of amnesia {unknown}
 h - 4 scrolls of vulnerability {unknown}
 j - 8 scrolls of teleportation
 s - 3 scrolls of blinking {unknown}
 u - 5 scrolls of enchant armour {unknown}
 x - a scroll of brand weapon {unknown}
 E - a scroll of fear {unknown}
 F - a scroll of enchant weapon
 L - a scroll of fog
Potions
 d - a potion of mutation
 g - 3 potions of attraction
 i - 4 potions of invisibility
 o - 4 potions of haste
 q - 2 potions of might {unknown}
 t - 6 potions of heal wounds
 w - 3 potions of lignification
 z - 4 potions of cancellation {unknown}
 B - 3 potions of ambrosia {unknown}
 D - 3 potions of brilliance {unknown}
 I - a potion of resistance {unknown}


   Skills:
 + Level 11.6 Fighting
 + Level 11.6 Axes
 + Level 11.2 Armour
 + Level 10.3 Dodging


You had 10 spell levels left.
You didn't know any spells.
Your spell library was empty.

Dungeon Overview and Level Annotations

Branches:
Dungeon (11/15)            Temple (1/1) D:7            Lair (2/6) D:8
 Spider (0/4) Lair:2          Orc (0/2) D:9           Sewer (visited)
  IceCv (1/1)
  Swamp: Lair:2-4    Shoals: Lair:2-4

Altars:
Elyvilon
Fedhas
Hepliaklqana
Okawaru
Uskayaw
Yredelemnul
The Shining One

Shops:
D:5 ?   D:9 [


Innate Abilities, Weirdness & Mutations

You have a pair of horns on your head.
You reflexively headbutt those who attack you in melee.


Message History

The entropy weaver simulacrum freezes you!
You resist. The entropy weaver simulacrum hits you.
The entropy weaver simulacrum freezes you!!
You resist.
* * * LOW HITPOINT WARNING * * *
The entropy weaver simulacrum barely misses you. x2
The entropy weaver simulacrum hits you but does no damage.
A red film seems to cover your vision as you go berserk!
You feel yourself moving faster!
You feel mighty! Trog will no longer gift you weapons.
The entropy weaver simulacrum barely misses you.
The entropy weaver simulacrum hits you but does no damage. x2
The entropy weaver simulacrum hits you.
* * * LOW HITPOINT WARNING * * *
The entropy weaver simulacrum freezes you!
You resist.
* * * LOW HITPOINT WARNING * * *
The entropy weaver simulacrum hits you but does no damage. x3
The entropy weaver simulacrum closely misses you.
You slash the entropy weaver simulacrum!
Your headbutt misses the entropy weaver simulacrum.
The entropy weaver simulacrum is severely damaged.
You hit the entropy weaver simulacrum.
The entropy weaver simulacrum hits you but does no damage. x2
The entropy weaver simulacrum barely misses you.
The entropy weaver simulacrum hits you but does no damage. x5
You slice the entropy weaver simulacrum!!
You headbutt the entropy weaver simulacrum!
The entropy weaver simulacrum vaporises!
Trog accepts your kill.
You barely miss the entropy weaver simulacrum.
The entropy weaver simulacrum hits you.
* * * LOW HITPOINT WARNING * * *
The entropy weaver simulacrum freezes you!
You resist.
* * * LOW HITPOINT WARNING * * *
The entropy weaver simulacrum hits you but does no damage.
The entropy weaver simulacrum barely misses you.
The entropy weaver simulacrum hits you.
You die...

# .# ###..#.
##...⌠..#
##○Z...#
#.@# #.##
###
#..###.##
#[.#....#
##......##
#.§☼###..##
##§#####..##
#○#.###...#
##§○.###..##


You could see an entropy weaver simulacrum.

Vanquished Creatures
  Erolcha (D:10)
  A hydra (Lair:2)
  4 two-headed ogres
  Nergalle (D:11)
  Pikel (D:7)
  A gargoyle (D:8)
  A cane toad (Lair:2)
  A kobold demonologist (D:10)
  An anaconda simulacrum (IceCv)
  An entropy weaver simulacrum (IceCv)
  2 trolls
  A wyvern (D:9)
  9 yaks
  A wraith (D:10)
  An acid dragon (D:11)
  3 water moccasins
  Duvessa (D:7)
  An ice beast (D:6)
  A sky beast (D:7)
  4 orc warriors
  A centaur (D:10)
  2 ogres
  A lemure (D:7)
  2 phantoms
  4 kobold brigands
  Blork the orc (D:4)
  4 bullfrogs
  2 two-headed ogre simulacra (IceCv)
  A gnoll sergeant (D:10)
  2 cane toad simulacra (IceCv)
  Dowan (D:7)
  3 electric eels (D:10)
  2 howler monkeys
  3 jellies (D:5)
  4 hounds
  A gnoll shaman (D:9)
  An iguana (D:5)
  3 orc priests
  6 orc wizards
  A spriggan simulacrum (IceCv)
  A troll simulacrum (IceCv)
  A polar bear simulacrum (Lair:1)
  A wolf simulacrum (Lair:1)
  The ghost of Esekla the Sneak, a weakling OpDe (D:5)
  Robin (D:3)
  8 gnolls
  A naga simulacrum (IceCv)
  9 adders
  7 river rats (Sewer)
  A shadow imp (D:8)
  5 ufetubi
  A worm (D:6)
  3 dart slugs
  47 orcs
  17 ball pythons
  9 endoplasms
  3 giant cockroaches
  15 goblins
  5 hobgoblins
  4 jackals (D:1)
  42 kobolds
  10 quokkas
  2 bats
  2 frilled lizards
  22 rats
300 creatures vanquished.

Notes
Turn   | Place    | Note
-------+----------+-------------------------------------------
     0 | D:1      | siradein the Minotaur Berserker began the quest for the
                  | Orb.
     0 | D:1      | Reached XP level 1. HP: 19/19 MP: 0/0
   377 | D:1      | Reached XP level 2. HP: 22/27 MP: 1/1
  1124 | D:1      | Reached XP level 3. HP: 33/33 MP: 2/2
  1440 | D:2      | Found a faded altar of an unknown god.
  1458 | D:2      | Reached ** piety under Trog
  2267 | D:3      | Noticed Robin
  2277 | D:3      | Killed Robin
  2278 | D:3      | Reached XP level 4. HP: 22/41 MP: 3/3
  2644 | D:3      | Reached XP level 5. HP: 41/47 MP: 4/4
  2784 | D:3      | Identified the +0 scale mail of Mapes {Str+5}
  3281 | D:3      | Reached skill level 5 in Fighting
  3401 | D:3      | Reached skill level 5 in Axes
  3426 | D:4      | Noticed an ogre
  3433 | D:4      | Killed an ogre
  3434 | D:4      | Reached XP level 6. HP: 56/56 MP: 5/5
  3657 | D:4      | Reached *** piety under Trog
  3857 | D:4      | Noticed Blork the orc
  3865 | D:4      | Killed Blork the orc
  4387 | D:5      | Entered Level 5 of the Dungeon
  4417 | D:5      | Reached skill level 5 in Armour
  4417 | D:5      | Reached XP level 7. HP: 56/62 MP: 6/6
  4773 | D:5      | Found a runed translucent gate.
  4773 | D:5      | Found a runed translucent gate.
  4774 | D:5      | Found a runed translucent gate.
  4774 | D:5      | Noticed Esekla's ghost (weakling OpDe)
  4912 | D:5      | Found Nywoduer's Magic Scroll Shop.
  4969 | D:5      | Reached skill level 5 in Dodging
  5112 | D:5      | Bought a scroll of identify for 26 gold pieces
  5112 | D:5      | Bought a scroll of identify for 26 gold pieces
  5112 | D:5      | Bought a scroll of magic mapping for 45 gold pieces
  5112 | D:5      | Bought a scroll of teleportation for 39 gold pieces
  5328 | D:5      | Killed Esekla's ghost
  5505 | D:6      | Reached **** piety under Trog
  5512 | D:6      | Found a glowing drain.
  5516 | Sewer    | Entered a sewer
  5624 | Sewer    | Reached XP level 8. HP: 64/71 MP: 7/7
  6536 | D:6      | Reached ***** piety under Trog
  7471 | D:7      | Found a staircase to the Ecumenical Temple.
  7621 | D:7      | Noticed Pikel
  7631 | D:7      | Killed Pikel
  7632 | D:7      | Reached XP level 9. HP: 52/81 MP: 8/8
  7956 | D:7      | Received a gift from Trog
  7999 | D:7      | Noticed Duvessa
  8001 | D:7      | Noticed Dowan
  8005 | D:7      | Killed Duvessa
  8010 | D:7      | Killed Dowan
  8362 | D:8      | Noticed a two-headed ogre
  8370 | D:8      | Killed a two-headed ogre
  8667 | D:8      | Found a staircase to the Lair.
  8682 | D:8      | Noticed a two-headed ogre
  8718 | D:8      | Killed a two-headed ogre
  8719 | D:8      | Reached XP level 10. HP: 91/91 MP: 9/9
  9357 | D:8      | Noticed a gargoyle
  9378 | D:8      | HP: 3/136 [gargoyle/+0 mace of holy wrath (13)]
  9379 | D:8      | Killed a gargoyle
  9398 | Temple   | Entered the Ecumenical Temple
 10078 | D:9      | Reached skill level 10 in Fighting
 10080 | D:9      | HP: 2/139 [yak (11)]
 10082 | D:9      | Reached skill level 10 in Axes
 10537 | D:9      | Found a blossoming altar of Fedhas.
 10563 | D:9      | Identified the +4 hand axe of Law {holy, *Corrode rPois
                  | rF+}
 10748 | D:9      | Found Desoiqau's Antique Armour Shoppe.
 10956 | D:9      | Found a staircase to the Orcish Mines.
 11188 | D:10     | Entered Level 10 of the Dungeon
 11811 | D:10     | Reached skill level 10 in Armour
 11886 | D:10     | Noticed Erolcha
 12064 | D:10     | Killed Erolcha
 12176 | D:10     | Noticed a two-headed ogre
 12186 | D:10     | Killed a two-headed ogre
 12187 | D:10     | Reached XP level 11. HP: 71/101 MP: 10/10
 13290 | D:11     | Noticed a two-headed ogre
 13300 | D:11     | Killed a two-headed ogre
 13301 | D:11     | Reached skill level 10 in Dodging
 13329 | D:11     | Noticed Nergalle
 13335 | D:11     | Killed Nergalle
 13643 | Lair:1   | Entered Level 1 of the Lair of Beasts
 13646 | Lair:1   | You fall into a shaft and drop 1 floor!
 13646 | Lair:2   | Found a hole to the Spider Nest.
 13685 | Lair:2   | Noticed a four-headed hydra
 13692 | Lair:2   | Killed a seven-headed hydra
 13829 | Lair:1   | Found a frozen archway.
 13840 | IceCv    | Entered an ice cave
 14380 | IceCv    | HP: 2/154 [entropy weaver simulacrum (9)]
 14380 | IceCv    | Slain by an entropy weaver simulacrum

Illustrated notes

Levels and vault maps discovered:
D:1:      minmay_arrival_open_corners, layout_basic
D:2:      layout_loops_ring, hellmonk_ecumenical_altar_blasted
D:3:      minmay_skewed_foursquare, layout_basic, solitary_fountain, uniq_robin
D:4:      layout_gridville, uniq_blork_the_orc
D:5:      layout_rooms, serial_glass, glass_columns_a, glass_columns_a,
          glass_columns_a, glass_columns_c, glass_columns_a, glass_columns_a,
          serial_shops, shop, gammafunk_ghost_split
D:6:      layout_cave_pools, gup_sewer_entry_spiral
D:7:      layout_basic, temple_statues, uniq_pikel, uniq_duvessa
D:8:      layout_cave_pods, dpeg_oklobed_lair
D:9:      layout_stronghold, kennysheep_mini, orc_0_dummy, serial_shops, shop
D:10:     layout_basic, uniq_erolcha
D:11:     layout_roguey, uniq_nergalle
Temple:   compressed_dpeg_triangle_lava_temple
Lair:1:   layout_regular_city, portal_ice_cave_entry_ice_simulacra
Lair:2:   layout_roguey, dummy_spider_entry, serial_bayou_shore_a
IceCv:    ice_cave_caverns_02

Skill      XL: |  1  2  3  4  5  6  7  8  9 10 11 |
---------------+----------------------------------+-----
Axes           | 4 5 6 8 9 10 11 | 11.6
Fighting       | 4 5 6 8 9 10 11 | 11.6
Armour         | 3 4 5 6 7 9 10 11 | 11.2
Dodging        | 3 4 5 6 8 9 10 | 10.3

Action                   |  1- 3 |  4- 6 |  7- 9 | 10-12 || total
-------------------------+-------+-------+-------+-------++-------
Melee: Hand axe          |    73 |   142 |     6 |     1 ||   222
       Headbutt          |    12 |    24 |    43 |    55 ||   134
       Punch             |     1 |     1 |     4 |       ||     6
       War axe           |       |       |   258 |   160 ||   418
       Battleaxe         |       |       |       |    60 ||    60
Invok: Berserk           |     1 |     3 |     4 |     8 ||    16
       Trog's Hand       |       |       |       |     1 ||     1
  Use: Scroll            |       |       |     6 |     3 ||     9
 Stab: Sleeping          |     1 |       |       |       ||     1
Armor: Animal skin       |     4 |       |       |       ||     4
       Ring mail         |    10 |       |       |       ||    10
       Scale mail        |       |    57 |     7 |       ||    64
       Plate armour      |       |       |   153 |    95 ||   248
       Crystal plate arm |       |       |       |    34 ||    34
Dodge: Dodged            |    47 |    74 |   125 |   115 ||   361
Block: Buckler           |       |       |     4 |    15 ||    19

Table legend: (Time is in decaauts)
 A = Elapsed time spent in this place.
 B = Non-inter-level travel time spent in this place.
 C = Inter-level travel time spent in this place.
 D = Time resting spent in this place.
 E = Time spent auto-exploring this place.
 F = Levels seen in this place.
 G = Mean time per level.
                   A        B        C        D        E       F      G
               +--------+--------+--------+--------+--------+-----+--------+
         Total |  14661 |  14397 |    264 |   2102 |   9948 |  16 |  916.3 |
       Dungeon |  12648 |  12384 |    264 |   1354 |   9054 |  11 | 1149.8 |
        Temple |    334 |    334 |      0 |    332 |      0 |   1 |  334.0 |
          Lair |    202 |    202 |      0 |      0 |    123 |   2 |  101.0 |
         Sewer |    924 |    924 |      0 |      0 |    726 |   1 |  924.0 |
      Ice Cave |    552 |    552 |      0 |    415 |     45 |   1 |  552.0 |
               +--------+--------+--------+--------+--------+-----+--------+

Top non-repeatable levels by time:
     D:9: 1874 daAuts
     D:1: 1439 daAuts
     D:7: 1158 daAuts
    D:10: 1130 daAuts
     D:8: 1111 daAuts
     D:6: 1094 daAuts
     D:3: 1094 daAuts
     D:2: 994 daAuts
     D:4: 960 daAuts
     D:5: 935 daAuts
   Sewer: 924 daAuts
    D:11: 855 daAuts
   IceCv: 552 daAuts
  Temple: 334 daAuts
  Lair:2: 187 daAuts
